 Dungeon Crawl Stone Soup version 0.18-a0-1655-ge2d8d33 (webtiles) character file.

3876 Geomchi the Frost Mage (level 10, -1/59 HPs)
             Began as a Deep Elf Ice Elementalist on Mar 31, 2016.
             Was a Believer of Vehumet.
             Killed from afar by Marenglen's ghost (20 damage)
             ... with a bolt of negative energy
             ... on level 8 of the Dungeon.
             The game lasted 00:31:05 (12583 turns).

Geomchi the Frost Mage (Deep Elf Ice Elementalist) Turns: 12583, Time: 00:31:05

Health: -1/59      AC:  8    Str:  5    XL:     10   Next: 0%
Magic:  27/30      EV: 11    Int: 26    God:    Vehumet [**....]
Gold:   376        SH:  5    Dex: 15    Spells: 4 memorised, 10 levels left

rFire  . . .     SeeInvis .     y - +2 dagger (flame)
rCold  . . .     Gourm    .     C - +2 robe {MR+}
rNeg   . . .     Faith    .     (no shield)
rPois  .         Spirit   .     (no helmet)
rElec  .         Dismiss  .     f - +1 cloak
rCorr  .         Reflect  +     d - +0 pair of gloves
SustAt .         Harm     .     g - +0 pair of boots
MR     ++...                    F - +5 amulet of reflection
Stlth  ++........               (no ring)
                                A - ring of magical power

@: drained, very resistant to hostile enchantments, unstealthy
A: clever 1
a: Renounce Religion


You were on level 8 of the Dungeon.
You worshipped Vehumet.
Vehumet was pleased with you.
You were hungry.

You visited 2 branches of the dungeon, and saw 9 of its levels.

You collected 478 gold pieces.
You spent 102 gold pieces at shops.

Inventory:

Hand Weapons
 t - the +11 Mace of Variability {chaos}
   (You found it on level 4 of the Dungeon)

   Each time it hits an enemy it has a different, random effect.
 y - a +2 dagger of flaming (weapon)
Armour
 d - a +0 pair of gloves (worn)
 f - a +1 cloak (worn)
 g - a +0 pair of boots (worn)
 C - a +2 robe of magic resistance (worn)
Jewellery
 A - a ring of magical power (left hand)
 F - a +5 amulet of reflection (around neck)
Wands
 e - a wand of disintegration (10/24)
 B - a wand of lightning (10/15)
 L - a wand of iceblast (3/15)
 M - a wand of confusion (26/48)
Scrolls
 a - a scroll of random uselessness {unknown}
 h - a scroll of noise {unknown}
 i - a scroll of enchant armour
 n - 2 scrolls of blinking {unknown}
 o - 2 scrolls of enchant weapon {unknown}
 p - a scroll of remove curse
 q - a scroll of fear {unknown}
 s - a scroll of amnesia {unknown}
 v - 2 scrolls of teleportation {unknown}
 w - a scroll of magic mapping
 x - a scroll of fog {unknown}
 E - 2 scrolls of recharging {unknown}
Potions
 j - 6 potions of curing
 k - 2 potions of ambrosia
 l - a potion of invisibility
 m - a potion of flight
 r - 4 potions of resistance
 u - a potion of heal wounds
 z - 2 potions of haste
 D - a potion of might
 G - a potion of lignification {unknown}
 J - a potion of agility {unknown}
Books
 b - a book of Frost

   Spells                             Type                      Level
   a - Freeze                         Ice                          1
   b - Throw Frost                    Conjuration/Ice              2
   c - Ozocubu's Armour               Charms/Ice                   3
   d - Throw Icicle                   Conjuration/Ice              4
   e - Summon Ice Beast               Ice/Summoning                4
Comestibles
 c - 3 bread rations {@e1}
 H - 15 fruits
 I - 4 meat rations {@e2}
 K - 3 slices of pizza


   Skills:
 - Level 5.5(4.9) Fighting
 - Level 7.7(7.1) Dodging
 - Level 2.4(1.9) Stealth
 + Level 6.2(5.6) Spellcasting
 + Level 7.5(6.9) Conjurations
 + Level 9.1(8.4) Ice Magic


You had 10 spell levels left.
You knew the following spells:

 Your Spells              Type           Power        Failure   Level  Hunger
a - Freeze                Ice            ####         1%          1    None
b - Throw Frost           Conj/Ice       #####.       1%          2    None
c - Throw Icicle          Conj/Ice       #####...     3%          4    ###....
d - Summon Ice Beast      Ice/Summ       ####....     14%         4    ###....


Dungeon Overview and Level Annotations

Branches:
Dungeon (8/15)             Temple (1/1) D:4
   Lair: D:8-11

Altars:
Ashenzari
Cheibriados
Dithmenos
Elyvilon
Fedhas
Gozag
Kikubaaqudgha
Makhleb
Nemelex Xobeh
Okawaru
Pakellas
Qazlal
Ru
Trog
Vehumet
Xom
Yredelemnul
Zin
The Shining One

Shops:
D:4 **[

Annotations:
D:8 Marenglen's ghost, novice DrVM


Innate Abilities, Weirdness & Mutations

Your mind is acute. (Int +2)


Message History

You regained 9 hp, and now have 22/59 hp.
You feel sick.
* * * LOW HITPOINT WARNING * * *
You are more poisoned.
You take 8 damage, and have 14/59 hp.
You feel sick.
* * * LOW HITPOINT WARNING * * *
You are lethally poisoned!
Marenglen's ghost's toxic aura wanes.
You take 6 damage, and have 8/59 hp.
Drink which item? (? for menu, Esc to quit)
You feel better.
You regained 9 hp, and now have 17/59 hp.
You see here 22 stones.
Marenglen's ghost points at you and mumbles some strange words.
The sting misses you.
There is a stone staircase leading up here.
Marenglen's ghost breathes negative energy at you.
The bolt of negative energy hits you!
You feel drained.
You die...

#.# ###(# #.≈.≈.
####.######.# #.....
#..Y....##.W# #..P..
#.#####.##(.######.....
#.# #.##W......#....(
#.# #.W........##'''#
#Y# #.##..####.#.....
#.#####.##..# ##.#.....
#.....@.##..###..######
######.###......#..#
#......###...##
#####..##..###...####
#........>...........#
#.###...##.###...###.#
#...#...###.##
#......... .#
##.<#...#####


You could see Marenglen's ghost.

Vanquished Creatures
  The ghost of Geomchi the Caller, an amateur TeSu (D:4)
  A yak (D:8)
  Edmund (D:6)
  An ice beast (D:5)
  An orc warrior (D:8)
  A sky beast (D:4)
  A necrophage (D:8)
  An ogre (D:8)
  2 phantoms
  A centaur (D:8)
  4 big kobolds
  4 giant frogs
  2 scorpions (D:6)
  Dowan (D:5)
  9 killer bees
  A jelly (D:5)
  2 howler monkeys
  3 crimson imps (D:5)
  A giant frog skeleton (D:4)
  5 hounds
  An orc priest (D:3)
  A gnoll shaman (D:6)
  An iguana (D:7)
  3 orc wizards (D:8)
  3 worker ants
  A killer bee zombie (D:5)
  A sheep (D:8)
  A hound skeleton (D:4)
  A worker ant zombie (D:7)
  9 gnolls
  5 adders
  A shadow imp (D:6)
  An ooze (D:1)
  An adder zombie (D:8)
  An adder skeleton (D:6)
  3 worms
  5 giant geckos
  15 orcs
  2 ball pythons
  7 bats
  7 giant cockroaches
  2 goblins
  12 hobgoblins
  16 jackals
  A quokka (D:6)
  A giant cockroach zombie (D:5)
  A giant gecko skeleton (D:4)
  3 giant newts
  11 kobolds
  A quokka skeleton (D:5)
  5 rats
166 creatures vanquished.

Vanquished Creatures (collateral kills)
  A hydra (D:8)
  A hungry ghost (D:7)
  A water moccasin (D:5)
  A sky beast (D:7)
  A phantom (D:6)
  An ogre (D:6)
  5 killer bees
  A giant frog skeleton (D:6)
  A sheep (D:8)
  An adder skeleton (D:5)
  A giant gecko (D:7)
  A jackal (D:5)
16 creatures vanquished.

Vanquished Creatures (others)
  Duvessa (D:5)
  A plant (D:8)
2 creatures vanquished.

Grand Total: 184 creatures vanquished

Notes
Turn   | Place    | Note
--------------------------------------------------------------
     0 | D:1      | Geomchi the Deep Elf Ice Elementalist began the quest for the Orb.
     0 | D:1      | Reached XP level 1. HP: 10/10 MP: 6/6
   322 | D:1      | Reached skill level 4 in Ice Magic
   322 | D:1      | Reached XP level 2. HP: 6/15 MP: 0/8
   586 | D:1      | Learned a level 2 spell: Throw Frost
  1329 | D:2      | Reached XP level 3. HP: 18/19 MP: 5/9
  1770 | D:2      | Found a glowing silver altar of Zin.
  2211 | D:2      | Reached skill level 5 in Ice Magic
  2418 | D:2      | Reached XP level 4. HP: 24/24 MP: 4/10
  3029 | D:3      | Found a shadowy altar of Dithmenos.
  3241 | D:3      | Noticed a giant frog
  3244 | D:3      | Killed a giant frog
  3244 | D:3      | Reached XP level 5. HP: 28/28 MP: 5/13
  3712 | D:4      | Learned a level 4 spell: Throw Icicle
  3796 | D:4      | Found Nompe's General Store.
  3803 | D:4      | Bought 2 potions of curing for 66 gold pieces
  3838 | D:4      | Found Ihayroan's Antique Armour Shop.
  3857 | D:4      | Noticed Geomchi's ghost (amateur TeSu)
  3945 | D:5      | Entered Level 5 of the Dungeon
  4038 | D:4      | Reached skill level 6 in Ice Magic
  4350 | D:4      | Found a staircase to the Ecumenical Temple.
  4358 | Temple   | Entered the Ecumenical Temple
  4443 | Temple   | Became a worshipper of Vehumet
  4473 | D:4      | Noticed a phantom
  4673 | D:4      | Reached XP level 6. HP: 32/32 MP: 6/14
  5152 | D:4      | Noticed a sky beast
  5452 | D:4      | Killed Geomchi's ghost
  5493 | D:4      | Killed a sky beast
  5493 | D:4      | Reached skill level 5 in Conjurations
  5493 | D:4      | Reached skill level 7 in Ice Magic
  5493 | D:4      | Reached XP level 7. HP: 34/36 MP: 1/15
  5698 | D:4      | Bought an embroidered robe for 18 gold pieces
  5759 | D:4      | Found Xiroc's Assorted Antiques.
  5764 | D:4      | Bought an embroidered robe for 18 gold pieces
  6478 | D:5      | Noticed Dowan
  6481 | D:5      | Noticed Duvessa
  6488 | D:5      | Killed Duvessa
  6489 | D:5      | Killed Dowan
  6489 | D:5      | Reached skill level 5 in Spellcasting
  6641 | D:5      | Found a white marble altar of Elyvilon.
  6886 | D:5      | Learned a level 4 spell: Summon Ice Beast
  7038 | D:4      | Reached skill level 8 in Ice Magic
  7356 | D:4      | Reached XP level 8. HP: 17/41 MP: 19/19
  7380 | D:4      | HP: 2/41 [poisoned by a killer bee]
  7388 | D:4      | HP: 1/41 [poisoned by a killer bee]
  8847 | D:6      | Reached skill level 9 in Ice Magic
  9039 | D:6      | Found a burning altar of Makhleb.
  9130 | D:6      | Reached skill level 5 in Dodging
  9131 | D:6      | Noticed Edmund
  9141 | D:6      | Killed Edmund
  9141 | D:6      | Reached skill level 1 in Fighting
  9242 | D:6      | Gained mutation: Your mind is acute. (Int +2) [potion of beneficial mutation]
  9356 | D:6      | Reached * piety under Vehumet
  9356 | D:6      | Offered knowledge of Sting by Vehumet.
  9690 | D:6      | Found an iron altar of Okawaru.
 10325 | D:7      | Reached XP level 9. HP: 48/49 MP: 5/20
 10754 | D:7      | Found a sparkling altar of Nemelex Xobeh.
 10758 | D:7      | Found a glowing golden altar of the Shining One.
 11319 | D:8      | Offered knowledge of Throw Flame by Vehumet.
 11395 | D:8      | Reached ** piety under Vehumet
 11669 | D:8      | Noticed Marenglen's ghost (novice DrVM)
 12269 | D:8      | Reached skill level 5 in Fighting
 12398 | D:8      | Noticed a three-headed hydra
 12431 | D:8      | Killed a three-headed hydra
 12561 | D:8      | Reached XP level 10. HP: 22/59 MP: 21/21
 12583 | D:8      | Killed from afar by Marenglen's ghost

Vault maps used:
D:1:      dpeg_arrival_renting
D:2:      lemuel_round_altar
D:3:      grunt_dithmenos_smoke, first_bread, kennysheep_generic_room_16
D:4:      temple_statues, serial_shops, kennysheep_little_box, shop, shop
D:5:      elyvilon_altar_3, uniq_duvessa
D:6:      bloody_makhleb, lemuel_round_altar, uniq_edmund
D:7:      lemuel_upstairs_altar, grunt_temple_overflow_open
D:8:      overflow_temple_1_default, hangedman_ranch
Temple:   circular_temple_12

Skill      XL: |  1  2  3  4  5  6  7  8  9 |
---------------+----------------------------+-----
Ice Magic      | 4 5 6 7 8 9 |  9.1
Conjurations   | 2 3 5 7 |  7.5
Spellcasting   | 4 6 |  6.2
Dodging        | 6 7 |  7.7
Fighting       | 2 5 |  5.5
Stealth        | |  2.4

Action                   |  1- 3 |  4- 6 |  7- 9 | 10-12 || total
-------------------------+-------+-------+-------+-------++-------
Melee: Short sword       |     7 |     9 |       |       ||    16
       Dagger            |       |     7 |   100 |       ||   107
 Cast: Freeze            |    42 |    32 |   104 |       ||   178
       Throw Frost       |    22 |    49 |    76 |       ||   147
       Throw Icicle      |       |    10 |    37 |     1 ||    48
       Summon Ice Beast  |       |       |    35 |       ||    35
Evoke: Wand              |       |     1 |       |       ||     1
  Use: Scroll            |       |     7 |     6 |       ||    13
       Potion            |       |       |     2 |     2 ||     4
 Stab: Sleeping          |       |     2 |       |       ||     2
  Eat: Chunk             |     4 |     8 |    19 |       ||    31
       Meat ration       |       |     1 |     1 |       ||     2
       Bread ration      |       |       |     2 |       ||     2
       Pizza             |       |       |     2 |       ||     2
